 Dungeon Crawl Stone Soup version 0.28.0-45-g0d030f2227 (webtiles) character file.

Game seed: 7880057350690518134

90 MisterFreud the Covert (level 4, -3/41 HPs)
             Began as a Gnoll Delver on May 26, 2022.
             Slain by an iguana (10 damage)
             ... on level 5 of the Dungeon.
             The game lasted 00:00:36 (92 turns).

MisterFreud the Covert (Gnoll Delver)                 Turns: 92, Time: 00:00:36

Health: -3/41      AC:  3    Str: 12    XL:     4   Next: 56%
Magic:  5/5        EV: 13    Int: 11    God:
Gold:   0          SH:  0    Dex: 13    Spells: 5/5 levels left

rFire   . . .      SeeInvis .   a - +0 short sword
rCold   . . .      Faith    .   (no shield)
rNeg    . . .      Spirit   .   b - +0 leather armour
rPois   .          Reflect  .   (no helmet)
rElec   .          Harm     .   (no cloak)
rCorr   .          Rampage  .   (no gloves)
Will    .....                   (no boots)
Stlth   ++++......              (no amulet)
HPRegen 0.13/turn               (no ring)
MPRegen 0.09/turn               (no ring)

@: no status effects
A: fangs 1, strong nose, distributed training
a: no special abilities


You were on level 5 of the Dungeon.
You visited 1 branch of the dungeon, and saw 2 of its levels.

Inventory:

Hand Weapons
 a - a +0 short sword (weapon)
Armour
 b - a +0 leather armour (worn)
Wands
 g - a wand of digging (3)
Scrolls
 c - a scroll of fog
 d - a scroll of magic mapping
 e - a scroll of fear
Potions
 f - a potion of haste
 h - a potion of flight {unknown}


   Skills:
 + Level 6.6 Fighting
 + Level 4.6 Short Blades
 + Level 1.2 Long Blades
 + Level 1.2 Axes
 + Level 1.2 Maces & Flails
 + Level 1.2 Polearms
 + Level 1.2 Staves
 + Level 1.2 Slings
 + Level 1.2 Bows
 + Level 1.2 Crossbows
 + Level 1.2 Throwing
 + Level 1.2 Armour
 + Level 4.6 Dodging
 + Level 9.6 Stealth
 + Level 1.2 Shields
 + Level 1.2 Unarmed Combat
 + Level 1.2 Spellcasting
 + Level 1.0 Conjurations
 + Level 1.0 Hexes
 + Level 1.0 Summonings
 + Level 1.0 Necromancy
 + Level 1.0 Translocations
 + Level 1.0 Transmutations
 + Level 1.0 Fire Magic
 + Level 1.0 Ice Magic
 + Level 1.0 Air Magic
 + Level 1.0 Earth Magic
 + Level 1.0 Poison Magic
 + Level 1.3 Invocations
 + Level 1.2 Evocations


You had 5 spell levels left.
You didn't know any spells.
Your spell library was empty.

Dungeon Overview and Level Annotations

Branches:
Dungeon (6/15)
 Temple: D:4-7

Altars:


Innate Abilities, Weirdness & Mutations

You have very sharp teeth.
Your uncanny sense of smell can sniff out nearby items.
Your experience applies equally to all skills.


Message History

Your Invocations skill increases to level 1!
Your Evocations skill increases to level 1!
You have reached level 2!
You have reached level 3!
Your experience leads to an increase in your attributes!
Increase (S)trength, (I)ntelligence, or (D)exterity?
You feel clever. x2
You have reached level 4!
You feel stronger.
Unknown command.
Found a golden potion.
You see here 22 stones.
h - a golden potion
There is a stone staircase leading up here.
You climb upwards.
There is a stone staircase leading down here.
There is a stone staircase leading down here.
A gnoll comes into view. It is wielding a +0 spear.
There is a stone staircase leading down here.
An iguana comes into view.
The iguana hisses angrily.
The iguana bites you!
You closely miss the iguana. The iguana barely misses you.
You barely miss the iguana. The iguana bites you.
You hit the iguana but do no damage. The iguana bites you!
You completely miss the iguana. You hit the iguana.
Your bite misses the iguana.
The iguana is lightly wounded.
The iguana closely misses you.
You hit the iguana.
The iguana is moderately wounded.
The iguana bites you.
You barely miss the iguana.
The iguana is moderately wounded.
The iguana bites you!
* * * LOW HITPOINT WARNING * * *
You hit the iguana.
The iguana is moderately wounded.
The iguana bites you!
You die...

### #######.#########
..#...#........#
#.#####.#..###...###.#
#.......#l# ##..###.#
#.##....@## ##...#.#
#.##.#.## ##..#.#.# ..
...#..###...#.#.####
#.##.##.###.#.##........#
# # #.# ##.#####....#.#
..# ### ####...# ###
##.## ####.## #......


You could see an iguana.

Vanquished Creatures
  An ice beast (D:6)
1 creature vanquished.

Notes
Turn   | Place    | Note
-------+----------+-------------------------------------------
     0 | D:5      | Reached skill level 9 in Stealth
     0 | D:5      | MisterFreud the Gnoll Delver began the quest for the Orb.
     0 | D:5      | Reached XP level 1. HP: 23/23 MP: 1/1
     2 | D:6      | Noticed an ice beast
     9 | D:6      | Killed an ice beast
    10 | D:6      | Reached skill level 1 in Long Blades
    10 | D:6      | Reached skill level 1 in Axes
    10 | D:6      | Reached skill level 1 in Maces & Flails
    10 | D:6      | Reached skill level 1 in Polearms
    10 | D:6      | Reached skill level 1 in Staves
    10 | D:6      | Reached skill level 1 in Slings
    10 | D:6      | Reached skill level 1 in Bows
    10 | D:6      | Reached skill level 1 in Crossbows
    10 | D:6      | Reached skill level 1 in Throwing
    10 | D:6      | Reached skill level 1 in Armour
    10 | D:6      | Reached skill level 1 in Shields
    10 | D:6      | Reached skill level 1 in Unarmed Combat
    10 | D:6      | Reached skill level 1 in Spellcasting
    10 | D:6      | Reached skill level 1 in Conjurations
    10 | D:6      | Reached skill level 1 in Hexes
    10 | D:6      | Reached skill level 1 in Summonings
    10 | D:6      | Reached skill level 1 in Necromancy
    10 | D:6      | Reached skill level 1 in Translocations
    10 | D:6      | Reached skill level 1 in Transmutations
    10 | D:6      | Reached skill level 1 in Fire Magic
    10 | D:6      | Reached skill level 1 in Ice Magic
    10 | D:6      | Reached skill level 1 in Air Magic
    10 | D:6      | Reached skill level 1 in Earth Magic
    10 | D:6      | Reached skill level 1 in Poison Magic
    10 | D:6      | Reached skill level 1 in Invocations
    10 | D:6      | Reached skill level 1 in Evocations
    10 | D:6      | Reached XP level 2. HP: 29/29 MP: 1/3
    10 | D:6      | Reached XP level 3. HP: 35/35 MP: 1/4
    10 | D:6      | Reached XP level 4. HP: 41/41 MP: 1/5
    92 | D:5      | Slain by an iguana

Illustrated notes

Levels and vault maps discovered:
D:5:      layout_loops_cross
D:6:      layout_layer_cave, lemuel_crystal_altar,
          nicolae_ru_great_annihilating_truth, nicolae_overflow_hidden_temple,
          serial_shops, shop, chequers_garden, minmay_misc_feat_nine_boxes

Skill      XL: |  1 |
---------------+----+-----
Stealth        | |  9.6
Long Blades    | 1 |  1.2
Axes           | 1 |  1.2
Maces & Flails | 1 |  1.2
Polearms       | 1 |  1.2
Staves         | 1 |  1.2
Slings         | 1 |  1.2
Bows           | 1 |  1.2
Crossbows      | 1 |  1.2
Throwing       | 1 |  1.2
Armour         | 1 |  1.2
Shields        | 1 |  1.2
Unarmed Combat | 1 |  1.2
Spellcasting   | 1 |  1.2
Conjurations   | 1 |  1.0
Hexes          | 1 |  1.0
Summonings     | 1 |  1.0
Necromancy     | 1 |  1.0
Translocations | 1 |  1.0
Transmutations | 1 |  1.0
Fire Magic     | 1 |  1.0
Ice Magic      | 1 |  1.0
Air Magic      | 1 |  1.0
Earth Magic    | 1 |  1.0
Poison Magic   | 1 |  1.0
Invocations    | 1 |  1.3
Evocations     | 1 |  1.2
Fighting       | |  6.6
Short Blades   | |  4.6
Dodging        | |  4.6

Action                   |  1- 3 |  4- 6 || total
-------------------------+-------+-------++-------
Melee: Short sword       |     1 |     8 ||     9
 Stab: Sleeping          |     1 |       ||     1
Dodge: Dodged            |       |     2 ||     2
